NCAA
NOTRE DAME FIGHTING IRISH @ TENNESSEE VOLUNTEERS
05/16/2025
 
TOP OF THE 1ST
Notre Dame Fighting Irish batting - Pitching for Tennessee Volunteers : RHP Zach Black
Pitching: RHP Zach Black
Batting: RHB Jeff Christian 0-0: Foul Ball, location: 2F
0-1: Ball
1-1: Ball
2-1: Foul Ball, location: 2F
2-2: Foul Ball, location: 2F
2-2: Strikes out swinging
Batting: SHB Ray Reid 0-0: Ball
1-0: Fly out, F5 (Popup, 56)
Batting: SHB Ken Austin 0-0: Called Strike
0-1: Ball
1-1: Fly out, F5 (Popup, 25F)
Top of the 1st over - 0 run(s), 0 hit(s), 0 error(s), 0 left on base; Notre Dame 0 - Tennessee 0
BOTTOM OF THE 1ST
Tennessee Volunteers batting - Pitching for Notre Dame Fighting Irish : RHP Roy Mitchell
Pitching: RHP Roy Mitchell
Batting: LHB Arnold Stewart 0-0: Ball
1-0: Ball
2-0: Called Strike
2-1: SINGLE (Groundball, 56D)
Batting: RHB Courtnay Beck 0-0: Ball
1-0: Called Strike
1-1: Fly out, F7 (Flyball, 78M)
Batting: SHB Scott Cox 0-0: Grounds into double play, 6-4-3 (Groundball, 6)
Bottom of the 1st over - 0 run(s), 1 hit(s), 0 error(s), 0 left on base; Notre Dame 0 - Tennessee 0
TOP OF THE 2ND
Notre Dame Fighting Irish batting - Pitching for Tennessee Volunteers : RHP Zach Black
Batting: SHB Ron Estes 0-0: Ground out 4-3 (Groundball, 4)
Batting: RHB Lee Scott 0-0: DOUBLE (Flyball, 8LM)
Batting: LHB Lou Goeble 0-0: Ball
1-0: Ball
2-0: Ball
3-0: Base on Balls
Batting: RHB Jorge Guillén 0-0: Called Strike
Lee Scott steals 3rd base
Lou Goeble to second
0-1: Ball
1-1: Ball
2-1: Foul Ball, location: 2F
2-2: Foul Ball, location: 2F
2-2: Ball
3-2: Strikes out swinging
Batting: RHB Isaac Ridings 0-0: Ball
1-0: Called Strike
1-1: Ball
2-1: Ground out 4-3 (Groundball, 4M)
Top of the 2nd over - 0 run(s), 1 hit(s), 0 error(s), 2 left on base; Notre Dame 0 - Tennessee 0
BOTTOM OF THE 2ND
Tennessee Volunteers batting - Pitching for Notre Dame Fighting Irish : RHP Roy Mitchell
Batting: RHB Tanner Albert 0-0: Ball
1-0: Ground out 6-3 (Groundball, 6)
Batting: LHB Bernardo Morales 0-0: Called Strike
0-1: DOUBLE (Line Drive, 9LM)
Batting: RHB Mike Alexander 0-0: Called Strike
0-1: Ball
1-1: Fly out, F9 (Flyball, 9LS)
Batting: RHB Juan Corvarubia 0-0: DOUBLE (Line Drive, 7LM)
Bernardo Morales scores
Batting: RHB John Jones 0-0: DOUBLE (Line Drive, 8LM)
Juan Corvarubia scores
Batting: RHB Dave Johnston 0-0: Ball
1-0: Ground out 5-3 (Groundball, 15S)
Bottom of the 2nd over - 2 run(s), 3 hit(s), 0 error(s), 1 left on base; Notre Dame 0 - Tennessee 2
TOP OF THE 3RD
Notre Dame Fighting Irish batting - Pitching for Tennessee Volunteers : RHP Zach Black
Batting: RHB Ron Campbell 0-0: Swinging Strike
0-1: SINGLE (Line Drive, 6MD)
Batting: RHB Jeff Christian 0-0: Ball
1-0: Swinging Strike
1-1: Ball
2-1: Foul Ball, location: 2F
2-2: Ball
3-2: Base on Balls
Ron Campbell to second
Batting: SHB Ray Reid 0-0: Swinging Strike
0-1: Swinging Strike
0-2: Ball
1-2: Foul Ball, location: 2F
1-2: Strikes out swinging
Batting: SHB Ken Austin 0-0: Called Strike
Ron Campbell steals 3rd base
Jeff Christian to second
0-1: Ground out 3-1 (Groundball, 34)
Ron Campbell scores
Jeff Christian to third
Batting: SHB Ron Estes 0-0: Ball
1-0: Ball
2-0: Ball
3-0: Called Strike
3-1: Base on Balls
Batting: RHB Lee Scott Pickoff Throw to First - Out!
Top of the 3rd over - 1 run(s), 1 hit(s), 0 error(s), 0 left on base; Notre Dame 1 - Tennessee 2
BOTTOM OF THE 3RD
Tennessee Volunteers batting - Pitching for Notre Dame Fighting Irish : RHP Roy Mitchell
Batting: LHB Arnold Stewart 0-0: SOLO HOME RUN (Flyball, 9LD), Distance : 323 ft
Batting: RHB Courtnay Beck 0-0: Ball
1-0: Foul Ball, location: 2F
1-1: SINGLE (Line Drive, 8RS)
Batting: SHB Scott Cox 0-0: Called Strike
Courtnay Beck steals 2nd base
0-1: Ball
1-1: Called Strike
1-2: Ball
2-2: Foul Ball, location: 2F
2-2: Ball
3-2: Base on Balls
Batting: RHB Tanner Albert 0-0: Ball
1-0: Foul Ball, location: 2F
1-1: SINGLE (Line Drive, 7LS)
Courtnay Beck to third
Scott Cox to second
Throwing error, E7
Courtnay Beck scores
Scott Cox to third
Tanner Albert to second
Batting: LHB Bernardo Morales 0-0: Called Strike
0-1: Ball
1-1: Called Strike
1-2: SINGLE (Groundball, 4MD)
Scott Cox scores
Tanner Albert to third
Runner from 3rd tries for Home, SAFE, throw made home
Batting: RHB Mike Alexander 0-0: Called Strike
0-1: Fly out, F8 (Line Drive, 8LS)
Batting: RHB Juan Corvarubia 0-0: Grounds into double play, 5-4-3 (Groundball, 5)
Bottom of the 3rd over - 4 run(s), 4 hit(s), 1 error(s), 0 left on base; Notre Dame 1 - Tennessee 6
TOP OF THE 4TH
Notre Dame Fighting Irish batting - Pitching for Tennessee Volunteers : RHP Zach Black
Batting: RHB Lee Scott 0-0: Ball
1-0: Called Strike
1-1: Foul Ball, location: 2F
1-2: Ball
2-2: Foul Ball, location: 2F
2-2: Ground out 6-3 (Groundball, 6)
Batting: LHB Lou Goeble 0-0: Called Strike
0-1: Ball
1-1: Ball
2-1: Called Strike
2-2: Ball
3-2: Base on Balls
Batting: RHB Jorge Guillén 0-0: Ball
1-0: Called Strike
1-1: Swinging Strike
1-2: Ball
2-2: Ball
3-2: Foul Ball, location: 2F
3-2: Strikes out swinging
Batting: RHB Isaac Ridings 0-0: Called Strike
0-1: Fly out, F2 (Popup, 2LF)
Top of the 4th over - 0 run(s), 0 hit(s), 0 error(s), 1 left on base; Notre Dame 1 - Tennessee 6
BOTTOM OF THE 4TH
Tennessee Volunteers batting - Pitching for Notre Dame Fighting Irish : RHP Roy Mitchell
Batting: RHB John Jones 0-0: Ground out 4-3 (Groundball, 4)
Batting: RHB Dave Johnston 0-0: SINGLE (Flyball, 89S)
Batting: LHB Arnold Stewart 0-0: Ball
1-0: SINGLE (Groundball, 56D)
Dave Johnston to second
Batting: RHB Courtnay Beck 0-0: Ball
1-0: Ball
2-0: Called Strike
2-1: Ball
3-1: Called Strike
3-2: Base on Balls
Dave Johnston to third
Arnold Stewart to second
Batting: SHB Scott Cox 0-0: Called Strike
0-1: Ball
1-1: Ball
2-1: Fly out, F8 (Flyball, 8RM)
Runner from 3rd tags up, SCORES, throw made
Batting: RHB Tanner Albert 0-0: Ball
1-0: Foul Ball, location: 2F
1-1: Called Strike
1-2: Strikes out swinging
Bottom of the 4th over - 1 run(s), 2 hit(s), 0 error(s), 2 left on base; Notre Dame 1 - Tennessee 7
TOP OF THE 5TH
Notre Dame Fighting Irish batting - Pitching for Tennessee Volunteers : RHP Zach Black
Batting: RHB Ron Campbell 0-0: Foul Ball, location: 2F
0-1: Called Strike
0-2: Ball
1-2: Strikes out swinging
Batting: RHB Jeff Christian 0-0: Fly out, F9 (Flyball, 89S)
Batting: SHB Ray Reid 0-0: Ball
1-0: Called Strike
1-1: Ball
2-1: Ball
3-1: Foul Ball, location: 2F
3-2: SINGLE (Line Drive, 4M)
Pitching: LHP Stephen Bernard
Batting: SHB Ken Austin 0-0: Ball
1-0: Ball
2-0: Foul Ball, location: 2F
2-1: Called Strike
2-2: Foul Ball, location: 2F
2-2: SINGLE (Line Drive, 34D)
Ray Reid to second
Ray Reid to third
Batting: SHB Ron Estes 0-0: Ball
1-0: Hit by Pitch
Ken Austin to second
Batting: RHB Lee Scott 0-0: Ball
1-0: Foul Ball, location: 2F
1-1: Ball
2-1: Ball
3-1: Base on Balls
Ray Reid scores
Ken Austin to third
Ron Estes to second
Batting: LHB Lou Goeble 0-0: Called Strike
0-1: Ball
1-1: Ball
2-1: Ball
3-1: Called Strike
3-2: Foul Ball, location: 2F
3-2: Strikes out swinging
Top of the 5th over - 1 run(s), 2 hit(s), 0 error(s), 3 left on base; Notre Dame 2 - Tennessee 7
BOTTOM OF THE 5TH
Tennessee Volunteers batting - Pitching for Notre Dame Fighting Irish : RHP Roy Mitchell
Batting: LHB Bernardo Morales 0-0: Called Strike
0-1: Swinging Strike
0-2: Foul Ball, location: 2F
0-2: Ball
1-2: Strikes out swinging
Batting: RHB Mike Alexander 0-0: Called Strike
0-1: Swinging Strike
0-2: Strikes out swinging
Batting: RHB Juan Corvarubia 0-0: Ground out 5-3 (Groundball, 5)
Bottom of the 5th over - 0 run(s), 0 hit(s), 0 error(s), 0 left on base; Notre Dame 2 - Tennessee 7
TOP OF THE 6TH
Notre Dame Fighting Irish batting - Pitching for Tennessee Volunteers : LHP Stephen Bernard
Batting: RHB Jorge Guillén 0-0: Ball
1-0: Ball
2-0: Swinging Strike
2-1: Foul Ball, location: 2F
2-2: Fly out, F8 (Flyball, 89M)
Batting: RHB Isaac Ridings 0-0: Ball
1-0: Foul Ball, location: 2F
1-1: Foul Ball, location: 2F
1-2: Ball
2-2: Ground out 5-3 (Groundball, 56)
Batting: RHB Ron Campbell 0-0: Swinging Strike
0-1: Ball
1-1: Ball
2-1: Ball
3-1: Base on Balls
Batting: RHB Jeff Christian 0-0: Ball
1-0: Ball
2-0: Foul Ball, location: 2F
2-1: Foul Ball, location: 2F
2-2: Ball
3-2: Strikes out looking
Top of the 6th over - 0 run(s), 0 hit(s), 0 error(s), 1 left on base; Notre Dame 2 - Tennessee 7
BOTTOM OF THE 6TH
Tennessee Volunteers batting - Pitching for Notre Dame Fighting Irish : RHP Roy Mitchell
Batting: RHB John Jones 0-0: Foul Ball, location: 2F
0-1: Reached on error, E6 (Groundball, 6)
Batting: RHB Dave Johnston 0-0: Ball
1-0: Fly out, F9 (Flyball, 9M)
Batting: LHB Arnold Stewart 0-0: Called Strike
0-1: Ball
1-1: Swinging Strike
1-2: Ball
2-2: Strikes out swinging
Batting: RHB Courtnay Beck 0-0: Fly out, F4 (Popup, 4D)
Bottom of the 6th over - 0 run(s), 0 hit(s), 1 error(s), 1 left on base; Notre Dame 2 - Tennessee 7
TOP OF THE 7TH
Notre Dame Fighting Irish batting - Pitching for Tennessee Volunteers : LHP Stephen Bernard
Batting: SHB Ray Reid 0-0: Ball
1-0: Ball
2-0: Ball
3-0: Called Strike
3-1: Base on Balls
Batting: SHB Ken Austin 0-0: Called Strike
0-1: Swinging Strike
0-2: Strikes out swinging
Batting: SHB Ron Estes 0-0: Foul Ball, location: 2F
0-1: Ball
1-1: Ball
2-1: Fly out, F7 (Line Drive, 7S)
Pitching: RHP Victor Miller
Batting: RHB Lee Scott 0-0: Called Strike
0-1: Called Strike
0-2: Ball
1-2: Ground out 1-3 (Groundball, 13)
Top of the 7th over - 0 run(s), 0 hit(s), 0 error(s), 1 left on base; Notre Dame 2 - Tennessee 7
BOTTOM OF THE 7TH
Tennessee Volunteers batting - Pitching for Notre Dame Fighting Irish : RHP Roy Mitchell
Batting: SHB Scott Cox 0-0: Called Strike
0-1: Foul Ball, location: 2F
0-2: Foul Ball, location: 2F
0-2: Ball
1-2: Ball
2-2: SINGLE (Line Drive, 89S)
Pitching: RHP Ted Patterson
Batting: RHB Tanner Albert 0-0: Ball
1-0: Ball
2-0: Ball
3-0: Foul Ball, location: 2F
3-1: Swinging Strike
3-2: Base on Balls
Scott Cox to second
Batting: LHB Bernardo Morales 0-0: Foul Ball, location: 2F
0-1: Ball
1-1: Foul Ball, location: 2F
1-2: Strikes out looking
Batting: RHB Mike Alexander 0-0: Ball
1-0: Foul Ball, location: 2F
1-1: Ball
2-1: Swinging Strike
2-2: Ball
3-2: Grounds into double play, 6-4-3 (Groundball, 6)
Bottom of the 7th over - 0 run(s), 1 hit(s), 0 error(s), 1 left on base; Notre Dame 2 - Tennessee 7
TOP OF THE 8TH
Notre Dame Fighting Irish batting - Pitching for Tennessee Volunteers : RHP Victor Miller
Batting: LHB Lou Goeble 0-0: Ball
1-0: Ground out 3-1 (Groundball, 34S)
Batting: RHB Jorge Guillén 0-0: Ball
1-0: Swinging Strike
1-1: Swinging Strike
1-2: Strikes out swinging
Batting: RHB Isaac Ridings 0-0: Called Strike
0-1: Ball
1-1: Called Strike
1-2: Fly out, F8 (Flyball, 8LM)
Top of the 8th over - 0 run(s), 0 hit(s), 0 error(s), 0 left on base; Notre Dame 2 - Tennessee 7
BOTTOM OF THE 8TH
Tennessee Volunteers batting - Pitching for Notre Dame Fighting Irish : RHP Ted Patterson
Batting: RHB Juan Corvarubia 0-0: Called Strike
0-1: Reached on error, E6 (Groundball, 6)
Batting: RHB John Jones 0-0: Ball
1-0: SINGLE (Line Drive, 7LS)
Juan Corvarubia to second
Batting: RHB Dave Johnston 0-0: Swinging Strike
0-1: Bunted foul
0-2: Reached on error, E6 (Groundball, 6)
Juan Corvarubia to third
John Jones to second
Batting: LHB Arnold Stewart 0-0: Ball
1-0: Reached on error, E4 (Groundball, 4)
Juan Corvarubia scores
John Jones to third
Dave Johnston to second
Batting: RHB Courtnay Beck 0-0: Ball
1-0: Ball
2-0: Fly out, F3 (Popup, 3L)
Batting: SHB Scott Cox 0-0: Called Strike
0-1: Ball
1-1: Called Strike
1-2: Ball
2-2: Strikes out swinging
Batting: RHB Tanner Albert 0-0: Ball
1-0: Called Strike
1-1: SINGLE (Line Drive, 8RS)
John Jones scores
Dave Johnston to third
Arnold Stewart to second
Runner from 3rd tries for Home, SAFE, no throw or cutoff
Batting: LHB Bernardo Morales 0-0: Ball
1-0: Ball
2-0: SINGLE (Line Drive, 56D)
Arnold Stewart to third
Tanner Albert to second
Runner from 3rd tries for Home, SAFE, no throw or cutoff
Batting: RHB Mike Alexander 0-0: Called Strike
0-1: Ball
1-1: TRIPLE (Line Drive, 8LM)
Tanner Albert scores
Bernardo Morales scores
Pitching: RHP Joe Herrmann
Batting: RHB Juan Corvarubia 0-0: Called Strike
0-1: Foul Ball, location: 2F
0-2: Ball
1-2: SINGLE (Flyball, 78S)
Mike Alexander scores
Batting: RHB John Jones 0-0: Ball
1-0: Called Strike
1-1: Ball
2-1: Foul Ball, location: 2F
2-2: Strikes out swinging
Bottom of the 8th over - 7 run(s), 5 hit(s), 3 error(s), 1 left on base; Notre Dame 2 - Tennessee 14
TOP OF THE 9TH
Notre Dame Fighting Irish batting - Pitching for Tennessee Volunteers : RHP Victor Miller
Batting: RHB Ron Campbell 0-0: SINGLE (Line Drive, 56)
Batting: RHB Jeff Christian 0-0: Ball
1-0: Foul Ball, location: 2F
1-1: Swinging Strike
1-2: Strikes out looking
Batting: SHB Ray Reid 0-0: Called Strike
0-1: Foul Ball, location: 2F
0-2: Foul Ball, location: 2F
0-2: Strikes out swinging
Batting: SHB Ken Austin 0-0: Ball
1-0: Fly out, F8 (Flyball, 8LM)
Top of the 9th over - 0 run(s), 1 hit(s), 0 error(s), 1 left on base; Notre Dame 2 - Tennessee 14
This league is powered by Out of the Park Baseball, the baseball management simulation game for PC, Mac and Linux
Tuesday, August 2nd, 2016 - OOTP Baseball 16.8 Build 38